 Dungeon Crawl Stone Soup version 0.19.3-1-g3169bf9 (webtiles) character file.

90 Gargoyl the Skirmisher (level 4, -16/41 HPs)
             Began as a Ghoul Abyssal Knight on Jan 23, 2017.
             Was a Follower of Lugonu.
             Killed from afar by a wretched star (28 damage)
             ... with an orb of energy
             ... on level 1 of the Abyss.
             The game lasted 00:00:35 (182 turns).

Gargoyl the Skirmisher (Ghoul Abyssal Knight)        Turns: 182, Time: 00:00:36

Health: -16/41     AC:  3    Str: 20    XL:     4   Next: 56%
Magic:  0/4        EV: 11    Int:  7    God:    Lugonu [*.....]
Gold:   10         SH:  0    Dex:  9    Spells: 0 memorised, 3 levels left

rFire  . . .     SeeInvis .     a - +1 hand axe
rCold  + . .     Gourm    .     b - +0 leather armour
rNeg   + + +     Faith    .     (no shield)
rPois  ∞         Spirit   .     (no helmet)
rElec  .         Reflect  .     (no cloak)
rCorr  .         Harm     .     (no gloves)
MR     .....                    (no boots)
Stlth  +.........               (no amulet)
                                (no ring)
                                (no ring)

@: mighty, slightly contaminated, rotting, hasted, invisible (expiring), very
quick
A: rotting body, claws 1, carnivore 3, cold resistance 1, negative energy
resistance 3, slow regeneration 1, torment resistance, unbreathing
a: Depart the Abyss, Renounce Religion


You were on level 1 of the Abyss.
You worshipped Lugonu.
Lugonu was aware of your devotion.
You were not hungry.

You visited 0 branches of the dungeon, and saw 0 of its levels.
You visited the Abyss 1 time.

You collected 10 gold pieces.

Inventory:

Hand Weapons
 a - a +1 hand axe (weapon)
Armour
 b - a +0 leather armour (worn)
Scrolls
 e - a scroll of amnesia {unknown}
Potions
 d - a potion of agility {unknown}
Comestibles
 c - a meat ration


   Skills:
 + Level 4.7 Fighting
 + Level 2.5 Axes
 + Level 2.2 Armour
 + Level 1.0 Dodging
 + Level 2.2 Invocations


You had 3 spell levels left.
You didn't know any spells.

Dungeon Overview and Level Annotations

Branches:
Dungeon (0/15)

Altars:


Innate Abilities, Weirdness & Mutations

Your body is rotting away.
You thrive on raw meat.
You are immune to poison.
You have sharp fingernails.
You are carnivorous and can eat meat at any time.
Your flesh is cold resistant. (rC+)
You are immune to negative energy. (rN+++)
You regenerate slowly when monsters are visible.
You are immune to unholy pain and torment.
You can survive without breathing.


Message History

The blast of chaos engulfs you! You resist.
You fade further into invisibility.
You are lightly contaminated with residual magic.
You feel yourself speed up.
The apocalypse crab is engulfed in seething chaos.
The apocalypse crab suddenly stops moving!
A wretched star comes into view.
You flicker for a moment.
The wretched star glows turbulently.
The orb of energy hits you!
Ouch! That really hurt!
* * * LOW HITPOINT WARNING * * *
You don't have enough magic at the moment.
Unknown command.
The wretched star pulses with an eldritch light!
The apocalypse crab is no longer paralysed.
The wretched star glows turbulently.
The orb of energy hits you!
Ouch! That really hurt!
You die...

#...#..# #####. ##.
..#.#.. #.#..#...#
##.....####.....###
#..#.#.#...t.....#§§
##.#..#.#..#....## § #
......#*#....###...
..#.###.......##.#
###.#
#.............##.....#
##.#..@#..####..... .
##..#### ....#....
##.# # . ..## . . ###
.## . #.# # # # .# # .
#.#. . # # # ## . . .
## . # . #


You could see a wretched star.

Vanquished Creatures
  An eye of draining (Abyss:1)
1 creature vanquished.

Notes
Turn   | Place    | Note
-------+----------+-------------------------------------------
     0 | Abyss:1  | Gargoyl the Ghoul Abyssal Knight began the quest for the Orb.
     0 | Abyss:1  | Reached XP level 1. HP: 19/19 MP: 1/1
   129 | Abyss:1  | Found a corrupted altar of Lugonu.
   130 | Abyss:1  | Noticed an eye of draining
   148 | Abyss:1  | Killed an eye of draining
   148 | Abyss:1  | Reached skill level 4 in Fighting
   148 | Abyss:1  | Reached skill level 1 in Dodging
   148 | Abyss:1  | Reached XP level 2. HP: 27/27 MP: 2/2
   148 | Abyss:1  | Reached XP level 3. HP: 33/33 MP: 3/3
   148 | Abyss:1  | Reached XP level 4. HP: 40/40 MP: 4/4
   156 | Abyss:1  | Noticed an apocalypse crab
   164 | Abyss:1  | Paralysed by an apocalypse crab for 7 turns
   176 | Abyss:1  | Noticed a wretched star
   182 | Abyss:1  | Killed from afar by a wretched star

Skill      XL: |  1 |
---------------+----+-----
Fighting       | 4 |  4.7
Axes           | 2 |  2.5
Armour         | 2 |  2.2
Dodging        | 1 |  1.0
Invocations    | |  2.2

Action                   |  1- 3 |  4- 6 || total
-------------------------+-------+-------++-------
Melee: Hand axe          |    16 |       ||    16
Dodge: Dodged            |       |     2 ||     2
